 Dungeon Crawl Stone Soup version 0.24-a0-292-g5c6fb1c (webtiles) character file.

Game seed: 3058361592592377072

348 MisterFreud the Slasher (level 6, -5/42 HPs)
             Began as an Octopode Fighter on May 10, 2019.
             Slain by a sky beast (6 damage)
             ... on level 5 of the Dungeon.
             The game lasted 00:04:08 (3233 turns).

MisterFreud the Slasher (Octopode Fighter)          Turns: 3233, Time: 00:04:08

Health: -5/42      AC:  1    Str: 16    XL:     6   Next: 60%
Magic:  6/6        EV: 12    Int: 12    God:
Gold:   221        SH:  8    Dex: 11    Spells: 5/5 levels left

rFire    . . .     SeeInvis .   a - +0 long sword
rCold    . . .     Gourm    .   b - +0 shield
rNeg     . . .     Faith    .   (helmet restricted)
rPois    .         Spirit   .   (no amulet)
rElec    .         Reflect  .   (no ring)
rCorr    .         Harm     .   (no ring)
MR       .....                  (no ring)
Stlth    ++........             (no ring)
HPRegen  0.14/turn              (no ring)
MPRegen  0.10/turn              (no ring)
                                (no ring)
                                (no ring)

@: no status effects
A: almost no armour, stealthy swim, amphibious, 8 rings, constrict 8, camouflage
1, gelatinous body 1
a: no special abilities


You were on level 5 of the Dungeon.
You were not hungry.

You visited 1 branch of the dungeon, and saw 5 of its levels.

You collected 221 gold pieces.

Inventory:

Hand Weapons
 a - a +0 long sword (weapon)
Missiles
 e - 199 stones (quivered)
 g - 48 bolts
 i - 15 sling bullets
 k - 2 curare-tipped needles
 o - 36 arrows
 r - 17 poisoned needles
 s - a throwing net
Armour
 b - a +0 shield (worn)
Scrolls
 p - 2 scrolls of teleportation {unknown}
 q - a scroll of random uselessness {unknown}
 u - a scroll of immolation {unknown}
Potions
 c - 4 potions of might
 f - 2 potions of berserk rage {unknown}
 h - 2 potions of curing
 j - a potion of agility {unknown}
 l - a potion of ambrosia {unknown}
 m - a potion of mutation {unknown}
 n - 2 potions of degeneration {unknown}
Comestibles
 d - 7 rations
 t - 3 chunks of flesh


   Skills:
 - Level 3.0 Fighting
 - Level 6.0 Long Blades
 + Level 4.3 Dodging
 - Level 3.0 Shields


You had 5 spell levels left.
You didn't know any spells.
Your spell library was empty.

Dungeon Overview and Level Annotations

Branches:
Dungeon (5/15)
 Temple: D:4-7

Altars:
Qazlal
Ru
Wu Jian


Innate Abilities, Weirdness & Mutations

You cannot wear most types of armour.
You are very stealthy in the water. (Stealth+)
You are amphibious.
You can wear up to eight rings at the same time.
You can use your tentacles to constrict eight enemies at once.
Your skin changes colour to match your surroundings (Stealth+).
Your rubbery body absorbs attacks. (AC +1, EV +1)


Message History

You completely miss the sky beast. Your squeeze misses the sky beast.
The sky beast hits you. The sky beast shocks you.
You hit the sky beast.
The sky beast is lightly wounded.
The sky beast hits you. The sky beast shocks you.
You hit the sky beast but do no damage.
The sky beast is lightly wounded.
The sky beast hits you.
* * * LOW HITPOINT WARNING * * *
The sky beast shocks you.
* * * LOW HITPOINT WARNING * * *
You hit the sky beast but do no damage.
You squeeze the sky beast, but do no damage.
The sky beast is lightly wounded.
The sky beast flickers out of sight!
Deactivating autopickup; reactivate with Ctrl-A.
Something hits you.
* * * LOW HITPOINT WARNING * * *
Something shocks you.
You die...

###†...^###.# ............#
.....8......#
............#########
###.....###.........#
#..#...#..#########.#
...#...#.[.# #.#
<.##...##.<########.####..
###.....####....@{........#
###.#.# #.#######.###(..#
#...# #... .. ###.# #..##
.# ..Y. .# #..## .. .$..
..#


There were no monsters in sight!

Vanquished Creatures
  A scorpion (D:5)
  A howler monkey (D:4)
  2 bullfrog skeletons (D:5)
  2 hounds (D:4)
  6 gnolls
  3 oozes
  A worm (D:3)
  A dart slug (D:1)
  4 leopard geckos
  4 giant cockroaches
  2 goblins
  8 hobgoblins
  3 jackals (D:3)
  11 kobolds
  3 quokkas
  7 bats
  3 frilled lizards
  A jackal zombie (D:4)
  5 rats
68 creatures vanquished.

Notes
Turn   | Place    | Note
-------+----------+-------------------------------------------
     0 | D:1      | MisterFreud the Octopode Fighter began the quest for the
                  | Orb.
     0 | D:1      | Reached XP level 1. HP: 16/16 MP: 1/1
    38 | D:1      | Reached XP level 2. HP: 21/21 MP: 2/2
   111 | D:1      | Reached skill level 3 in Long Blades
   280 | D:1      | Reached XP level 3. HP: 15/26 MP: 3/3
  1590 | D:3      | Reached skill level 4 in Long Blades
  1670 | D:3      | Reached XP level 4. HP: 24/31 MP: 4/4
  1733 | D:3      | Found a sacrificial altar of Ru.
  1761 | D:3      | Found a stormy altar of Qazlal.
  2313 | D:4      | Reached skill level 5 in Long Blades
  2313 | D:4      | Reached XP level 5. HP: 34/36 MP: 5/5
  2375 | D:3      | Found an ornate altar of the Wu Jian Council.
  2778 | D:4      | Reached skill level 6 in Long Blades
  3130 | D:5      | Entered Level 5 of the Dungeon
  3132 | D:5      | Reached XP level 6. HP: 34/42 MP: 6/6
  3218 | D:5      | Noticed a sky beast
  3233 | D:5      | HP: 1/42 [something (3)]
  3233 | D:5      | Slain by a sky beast

Levels and vault maps discovered:
D:1:      tarquinn_simple_flora_water_a, layout_loops_ring
D:2:      layout_loops_ring
D:3:      layout_basic, nicolae_qazlal_general_emergency, lemuel_doored_altar,
          nicolae_overflow_crystal_walls
D:4:      layout_gridville, first_ration, chequers_serial_rivers_micro_e,
          kennysheep_small_circle
D:5:      layout_loops_ring, slow_altar_1, serial_shops, shop,
          grunt_ministairs_6, kennysheep_generic_room_2, uniq_prince_ribbit1

Skill      XL: |  1  2  3  4  5  6 |
---------------+-------------------+-----
Long Blades    | 3 4 5 6 |  6.0
Dodging        | 4 |  4.3
Fighting       | |  3.0
Shields        | |  3.0

Action                   |  1- 3 |  4- 6 || total
-------------------------+-------+-------++-------
Melee: Long sword        |    63 |    73 ||   136
       Constrict         |    15 |    19 ||    34
       Tentacles         |    10 |    14 ||    24
  Use: Scroll            |     3 |       ||     3
 Stab: Sleeping          |     8 |     9 ||    17
       Distracted        |     1 |       ||     1
  Eat: Chunk             |     2 |     5 ||     7
Armor: Skin              |     6 |     1 ||     7
Dodge: Dodged            |    24 |    31 ||    55
Block: Shield            |    25 |    23 ||    48
       Rpst.: Long sword |     9 |    10 ||    19

Table legend:
 A = Non-vault XP
 B = Vault XP
 C = Vault XP percentage of total XP
 D = Non-vault monster count
 E = Vault monster count
 F = Vault count percentage of total count
                 A         B        C        D         E       F
            +---------+---------+-------+---------+---------+-------
      Total |     495 |       3 |   0.6 |      67 |       1 |   1.5
            +---------+---------+-------+---------+---------+-------
        D:1 |      43 |       0 |   0.0 |      20 |       0 |   0.0
        D:2 |      16 |       0 |   0.0 |      10 |       0 |   0.0
        D:3 |      68 |       0 |   0.0 |      21 |       0 |   0.0
        D:4 |     199 |       0 |   0.0 |      12 |       0 |   0.0
        D:5 |     169 |       3 |   1.7 |       4 |       1 |  20.0
            +---------+---------+-------+---------+---------+-------
